 Dungeon Crawl Stone Soup version 0.28.0-53-g5a82cb258f (webtiles) character file.

Game seed: 4772608707286776217

67 Peloso the Skirmisher (level 4, -7/40 HPs)
             Began as a Minotaur Fighter on July 28, 2022.
             Mangled by an ogre
             ... wielding a +0 giant club
              (25 damage)
             ... on level 3 of the Dungeon.
             The game lasted 00:04:00 (2586 turns).

Peloso the Skirmisher (Minotaur Fighter)            Turns: 2586, Time: 00:04:01

Health: -7/40      AC:  7    Str: 21    XL:     4   Next: 0%
Magic:  3/3        EV:  9    Int:  5    God:
Gold:   141        SH:  4    Dex: 11    Spells: 3/3 levels left

rFire   . . .      SeeInvis .   a - +0 long sword
rCold   . . .      Faith    .   c - +0 buckler
rNeg    . . .      Spirit   .   b - +0 scale mail
rPois   .          Reflect  .   (helmet restricted)
rElec   .          Harm     .   (no cloak)
rCorr   .          Rampage  .   (no gloves)
Will    .....                   (no boots)
Stlth   ..........              (no amulet)
HPRegen 0.13/turn               (no ring)
MPRegen 0.08/turn               (no ring)

@: no status effects
A: horns 2, retaliatory headbutt
a: no special abilities


You were on level 3 of the Dungeon.
You visited 1 branch of the dungeon, and saw 4 of its levels.

You collected 141 gold pieces.

Inventory:

Hand Weapons
 a - a +0 long sword (weapon)
Armour
 b - a +0 scale mail (worn)
 c - a +0 buckler (worn)
Scrolls
 e - a scroll of identify
 g - 2 scrolls of amnesia
 h - a scroll of teleportation
 j - a scroll of immolation {unknown}
 k - a scroll of torment {unknown}
Potions
 d - 3 potions of might
 f - 2 potions of flight
 i - a potion of lignification {unknown}


   Skills:
 + Level 4.3 Fighting
 + Level 3.7 Long Blades
 + Level 4.1 Armour
 + Level 0.3 Dodging
 + Level 4.0 Shields


You had 3 spell levels left.
You didn't know any spells.
Your spell library contained the following spells:

 Spells                   Type           Power      Damage    Failure   Level
 Blink                    Tloc           0%         N/A       95%         2
 Conjure Flame            Conj/Fire      0%         6-21      99%         3
 Gell's Gravitas          Tloc           0%         N/A       99%         3
 Ignite Poison            Fire/Tmut/Pois 0%         N/A       99%         3
 Lesser Beckoning         Tloc           0%         N/A       99%         3
 Stone Arrow              Conj/Erth      0%         3d7       99%         3
 Teleport Other           Tloc           0%         N/A       99%         3
 Animate Armour           Summ/Erth      0%         N/A       100%        4
 Sticky Flame             Conj/Fire      0%         2d3       100%        4
 Manifold Assault         Tloc           0%         N/A       100%        5
 Storm Form               Tmut/Air       0%         N/A       100%        7
 Lehudib's Crystal Spear  Conj/Erth      0%         10d2      100%        8


Dungeon Overview and Level Annotations

Branches:
Dungeon (4/15)
 Temple: D:4-7

Altars:

Annotations:
D:4 Ijyb, Pikel


Innate Abilities, Weirdness & Mutations

You have a pair of horns on your head.
You reflexively headbutt those who attack you in melee.


Message History

The lemure shouts!
The lemure barely misses you. You block the lemure's attack.
The lemure hits you but does no damage.
An orc comes into view. It is wielding a +0 mace of protection.
The orc shouts!
Pikel cracks his whip.
There is a stone staircase leading up here.
You climb upwards.
There is a stone staircase leading down here.
You start resting.
HP restored.
Unknown command.
There is an open door here.
There is an open door here.
You see here a +0 whip.
There is a stone staircase leading down here.
You climb downwards.
Level annotation: Pikel
There is a stone staircase leading up here.
An ogre comes into view. It is wielding a +0 giant club.
Found 5 gold pieces.
The ogre hits you with a +0 giant club!!
Ouch! That really hurt!
You hear a shout!
You hear a shout!
Ijyb the Twisted Goblin comes into view.
She is wielding a +0 club and carrying a wand of iceblast (13).
There is a stone staircase leading up here.
The ogre barely misses you. You furiously retaliate!
You headbutt the ogre!
You climb upwards.
There is a stone staircase leading down here.
Okay, then.
You hit the ogre but do no damage. You headbutt the ogre!
The ogre is heavily wounded.
The ogre barely misses you.
You slash the ogre!
The ogre is almost dead.
The ogre hits you with a +0 giant club!!
Ouch! That really hurt!
You die...

........#
#.#..................#
#.......#
#.#..................#
#.......#
#.##...######........##
#########
#...........#..........
#...........##+######.#
#...................#.#
#...................'..
#.....O.............#.#
#.....@.............#.#
#..............)....#.#
#...................#.#
#...........####'####.#
#...........####.# #.#
#................# #.#
###########.###### #.#
#.# #.# #.# #.#


You could see an ogre.

Vanquished Creatures
  An adder (D:3)
  3 dart slugs
  4 orcs (D:3)
  6 ball pythons
  2 bats
  2 endoplasms
  2 giant cockroaches
  5 goblins
  2 hobgoblins (D:3)
  5 quokkas
  2 frilled lizards
  4 kobolds
  7 rats
45 creatures vanquished.

Notes
Turn   | Place    | Note
-------+----------+-------------------------------------------
     0 | D:1      | Peloso the Minotaur Fighter began the quest for the Orb.
     0 | D:1      | Reached XP level 1. HP: 19/19 MP: 0/0
   173 | D:1      | Found a faded altar of an unknown god.
   395 | D:1      | Reached XP level 2. HP: 23/27 MP: 1/1
   479 | D:1      | You fall into a shaft and drop 1 floor!
  1107 | D:1      | Reached XP level 3. HP: 33/33 MP: 2/2
  2072 | D:3      | Reached XP level 4. HP: 40/40 MP: 3/3
  2275 | D:4      | Noticed a lemure
  2275 | D:4      | Noticed a lemure
  2303 | D:4      | Noticed Pikel
  2304 | D:4      | Noticed a lemure
  2304 | D:4      | Noticed a lemure
  2575 | D:4      | Noticed an ogre
  2579 | D:4      | Noticed Ijyb
  2586 | D:3      | Mangled by an ogre

Illustrated notes

Levels and vault maps discovered:
D:1:      elethiomel_arrival_infinity_welcomes_careful_drivers, layout_rooms,
          hellmonk_ecumenical_altar_heavens_door
D:2:      layout_basic, kennysheep_nondescript
D:3:      layout_basic, moated_statue
D:4:      gammafunk_steamed_eel, layout_basic, grunt_temple_overflow_open,
          kennysheep_cluttered_room, uniq_ijyb, uniq_edmund, uniq_pikel

Skill      XL: |  1  2  3 |
---------------+----------+-----
Armour         | 4 |  4.1
Fighting       | 4 |  4.3
Long Blades    | 3 |  3.7
Shields        | 4 |  4.0
Dodging        | |  0.3

Action                   |  1- 3 |  4- 6 || total
-------------------------+-------+-------++-------
Melee: Long sword        |   103 |    11 ||   114
       Headbutt          |    11 |     1 ||    12
  Use: Scroll            |     2 |     3 ||     5
Armor: Scale mail        |    42 |     1 ||    43
Dodge: Dodged            |    36 |     6 ||    42
Block: Buckler           |    17 |     2 ||    19
